 Dungeon Crawl Stone Soup version 0.24-a0-545-gd1b266bae6 (webtiles) character file.

Game seed: 7962973753948689011

75942 Moredread the Tortoise (level 15, -6/144 HPs)
             Began as a Minotaur Berserker on Aug 16, 2019.
             Was a High Priest of Trog.
             Mangled by an orc warrior
             ... wielding a +0 glaive
              (15 damage)
             ... on level 2 of the Orcish Mines on Aug 18, 2019.
             The game lasted 01:27:45 (24918 turns).

Moredread the Tortoise (Minotaur Berserker)        Turns: 24918, Time: 01:27:46

Health: -6/144     AC: 31    Str: 32    XL:     15   Next: 11%
Magic:  18/18      EV: 12    Int:  4    God:    Trog [*****.]
Gold:   2000       SH:  0    Dex: 11    Spells: 14/14 levels left

rFire    . . .     SeeInvis .   w - +2 battleaxe (chop)
rCold    . . .     Gourm    .   (shield currently unavailable)
rNeg     + . .     Faith    +   U - +10 plate armour {rN+}
rPois    +         Spirit   .   (helmet restricted)
rElec    .         Reflect  .   g - +2 cloak {MR+}
rCorr    .         Harm     .   (no gloves)
MR       ++++.                  (no boots)
Stlth    ..........             F - amulet of faith {Faith, !P}
HPRegen  1.34/turn              I - ring of poison resistance {rPois, !d}
MPRegen  0.16/turn              Q - +5 ring of strength

@: berserk cooldown, regenerating, slowed, very slow
A: retaliatory headbutt, horns 2, camouflage 1
a: Berserk, Trog's Hand, Brothers in Arms, Renounce Religion


You were on level 2 of the Orcish Mines.
You worshipped Trog.
Trog was extremely pleased with you.
You were very hungry.

You visited 4 branches of the dungeon, and saw 22 of its levels.
You also visited: Ice Cave.

You collected 2057 gold pieces.
You spent 57 gold pieces at shops.

Inventory:

Hand Weapons
 h - a +1 battleaxe of freezing
   (You took it off a frost giant in an ice cave)
 w - a +2 battleaxe of chopping (weapon)
   (You took it off an orc warlord on level 1 of the Orcish Mines)
Missiles
 a - 2 curare-tipped darts
 m - 5 datura-tipped darts
 s - 12 atropa-tipped darts (quivered)
 O - 2 throwing nets {=f, !d}
Armour
 g - a +2 cloak of magic resistance (worn)
   (You found it on level 1 of the Dungeon)
 D - a scarf of cloud immunity
   (You found it in an ice cave)
 L - the +2 leather armour "Isajaum" {rElec rN+ MR+ Int-3}
   (You found it on level 7 of the Dungeon)

   It affects your intelligence (-3).
   It insulates you from electricity.
   It protects you from negative energy.
   It affects your resistance to hostile enchantments.
 S - a +3 troll leather armour {Snorg}
   (You found it on level 1 of the Orcish Mines)
 U - a +10 plate armour of positive energy (worn)
   (You took it off an orc warrior on level 10 of the Dungeon)
Jewellery
 q - a +3 amulet of reflection
   (You found it on level 2 of the Dungeon)
 x - an uncursed ring of fire {rF+, rC-}
   (You found it on level 3 of the Dungeon)
 F - an amulet of faith (around neck) {Faith, !P}
   (You found it on level 6 of the Dungeon)
 H - an uncursed ring of see invisible {sInv, !d}
   (You found it on level 4 of the Lair of Beasts)
 I - a ring of poison resistance (left hand) {rPois, !d}
   (You found it on level 6 of the Lair of Beasts)
 Q - a +5 ring of strength (right hand)
   (You found it on level 2 of the Lair of Beasts)
 W - an uncursed ring of fire {rF+, rC-}
   (You found it on level 5 of the Lair of Beasts)
 X - the ring "Xyangaw" {*Tele rF+ rC+ Str+3 Stlth-}
   (You took it off a crimson imp on level 11 of the Dungeon)

   [ring of teleportation]

   It may teleport you next to monsters.
   It affects your strength (+3).
   It protects you from fire.
   It protects you from cold.
   It makes you less stealthy.
Wands
 b - a wand of acid (9)
   (You found it on level 2 of the Lair of Beasts)
 d - a wand of scattershot (3)
   (You found it on level 2 of the Lair of Beasts)
 l - a wand of paralysis (8)
   (You found it in an ice cave)
 y - a wand of clouds (5)
   (You took it off Ijyb on level 4 of the Dungeon)
 J - a wand of flame (49)
   (You found it on level 7 of the Dungeon)
 K - a wand of iceblast (17)
   (You found it on level 7 of the Dungeon)
 P - a wand of disintegration (23)
   (You found it on level 8 of the Dungeon)
Scrolls
 e - 4 scrolls of summoning
 j - 4 scrolls of magic mapping {!r}
 k - 4 scrolls of fear
 p - 8 scrolls of teleportation
 r - 2 scrolls of enchant armour
 t - 3 scrolls of immolation {!r}
 A - 9 scrolls of remove curse
 B - a scroll of noise {unknown}
 C - a scroll of fog
 V - 2 scrolls of blinking {!r}
Potions
 i - a potion of might {unknown}
 n - 2 potions of resistance {unknown}
 o - 6 potions of lignification {!q}
 u - 7 potions of curing
 z - a potion of cancellation
 E - 3 potions of mutation {!q}
 M - 2 potions of heal wounds
 N - 2 potions of brilliance {unknown}
 R - a potion of agility {unknown}
 T - 4 potions of haste
Miscellaneous
 v - a lightning rod (4/4)
   (You found it on level 5 of the Lair of Beasts)
 G - a sack of spiders
 Y - a fan of gales
   (You found it on level 11 of the Dungeon)
 Z - a lamp of fire
   (You found it on level 11 of the Dungeon)
Comestibles
 c - 38 rations
 f - 3 chunks of flesh {@w0}


   Skills:
 + Level 16.1 Fighting
 + Level 16.0 Axes
 - Level 5.0 Throwing
 + Level 17.8 Armour
 - Level 8.0 Dodging
 + Level 5.5 Evocations


You had 14 spell levels left.
You didn't know any spells.
Your spell library was empty.

Dungeon Overview and Level Annotations

Branches:
Dungeon (13/15)            Temple (0/1) D:6            Lair (6/6) D:11
  Swamp (0/4) Lair:2       Spider (1/4) Lair:3          Orc (2/2) D:11
    Elf (0/3) Orc:2
  Slime: Lair:5-6    Vaults: D:13-14

Altars:
Cheibriados
Elyvilon
Gozag
Hepliaklqana
Makhleb
Nemelex Xobeh
Okawaru
Ru
Wu Jian
The Shining One

Shops:
D:5 *   D:10 :

Annotations:
D:4 Eustachio
D:10 exclusion: downstairs
Lair:6 exclusion: 2 oklob plants


Innate Abilities, Weirdness & Mutations

You reflexively headbutt those who attack you in melee.
You have a pair of horns on your head.
Your skin changes colour to match your surroundings (Stealth+).


Message History

You take 3 damage, and have 78/216 hp.
Danger x4: orc priest, smoke demon x2, orc high priest!
You slice the orc high priest!! You barely miss the orc warrior.
You slash the smoke demon!
You are covered in liquid flames!
You hear a howl!
The orc warrior no longer looks unusually strong.
The smoke demon gestures at you. The ball of steam hits you.
The orc warrior misses you.
The orc warrior hits you but does no damage.
You take 6 damage, and have 72/216 hp.
Danger x5: smoke demon x2, orc high priest x2, orc priest!
You barely miss the orc high priest. You slice the orc warrior!!
You hit the smoke demon. You slash the smoke demon!
You are engulfed in a cloud of scalding steam.
You are covered in liquid flames!
The orc priest barely misses you.
The orc high priest hits you but does no damage.
The smoke demon gestures at you. The ball of steam hits you!
* * * LOW HITPOINT WARNING * * *
You take 18 damage, and have 54/216 hp.
Danger x5: smoke demon x2, orc high priest x2, orc priest!
You cut the orc high priest into ribbons!!!
You kill the orc high priest!
Trog accepts your kill.
The smoke demon disappears in a puff of smoke! x2
You closely miss the orc warrior.
You are engulfed in a cloud of scalding steam.
You are covered in liquid flames!
* * * LOW HITPOINT WARNING * * *
The orc warrior no longer looks unusually strong.
The orc warrior hits you but does no damage.
An orc wizard comes into view. It is wielding a +0 dagger.
The orc warrior hits you but does no damage.
You take 1 damage, and have 53/216 hp.
Warning x2: The orc priest can smite you!
The orc high priest can smite you!
You hit the orc warrior.
You kill the orc warrior!
Trog accepts your kill.
You are covered in liquid flames!
* * * LOW HITPOINT WARNING * * *
You take 3 damage, and have 50/216 hp.
Warning x2: The orc priest can smite you!
The orc high priest can smite you!
Unknown command.
Unknown command.
You are engulfed in a cloud of scalding steam.
The orc warrior closely misses you.
The orc priest mumbles some strange prayers to Beogh against you.
Beogh smites you!
* * * LOW HITPOINT WARNING * * *
Things that are here:
a +1 long sword of pain; a +0 plate armour You take 17 damage, and have 33/216 hp.
Warning x2: The orc priest can smite you!
The orc high priest can smite you!
You feel a strong urge to attack something.
The orc wizard no longer looks unusually strong.
The orc wizard mumbles some strange words.
The orc wizard blinks!
You slash the orc warrior! You slash the orc warrior!
Your headbutt misses the orc warrior.
The orc warrior hits you but does no damage.
The orc priest looks encouraged for a moment.
Spoiler Alert: The orc priest can smite you!
You closely miss the orc warrior. Your headbutt misses the orc warrior.
You are no longer berserk.
You are exhausted.
You feel yourself slow down. The orc warrior misses you.
The orc warrior hits you but does no damage.
You now have 23/144 hp.
Warning x2: The orc high priest can smite you!
The orc priest can smite you!
Your skin crawls.
You feel resistant to hostile enchantments.
You feel somewhat more hungry.
The orc warrior hits you from afar with a +0 glaive.
* * * LOW HITPOINT WARNING * * *
The orc high priest hits you but does no damage.
The orc warrior hits you but does no damage.
You take 2 damage, and have 21/144 hp.
Warning x2: The orc high priest can smite you!
The orc priest can smite you!
You completely miss the orc warrior. Your headbutt misses the orc warrior.
The orc high priest misses you. The orc warrior closely misses you.
You furiously retaliate!
You headbutt the orc warrior!
You kill the orc warrior!
Trog accepts your kill. The orc warrior misses you.
You regained 2 hp, and now have 23/144 hp.
Warning x2: The orc high priest can smite you!
The orc priest can smite you!
Throwing (i - inventory)
s - 13 atropa-tipped darts (quivered)
Aim: an orc high priest, wielding a +0 halberd of freezing and wearing a +0 leather armour (chance to blind on hit: 3%)
You throw an atropa-tipped dart.
The atropa-tipped dart hits the orc high priest.
The orc high priest resists.
The orc high priest hits you but does no damage.
The orc priest invokes the aid of Beogh against you.
Beogh smites you!
* * * LOW HITPOINT WARNING * * *
The orc warrior hits you from afar with a +0 glaive!
You die...

.#..........."...## ......
....#...#......#.# ......
....#...#......#.# ......
##.#...........# # )....
..#... ####...#......#
.oo..#...... #..........##
÷.÷÷.÷#...... ##..#...#....#
.÷...##...... #.......##...##
#....##.......
##.#.....#...@##..÷..#........
##......##..))oo..###........
#.......##..oo..##.........#
##..#....##.).###.........#.
#......#.#####.............
##.....#.#.#................
#....##...##................
##.#####................<...
#####.............#........


You could see an orc high priest, an orc warrior, an orc priest and an orc
wizard.

Vanquished Creatures
  An orc warlord (Orc:1)
  A frost giant (IceCv)
  Nessos (D:12)
  Snorg (Orc:1)
  An ice dragon (Lair:5)
  9 hydras
  Harold (Lair:1)
  2 centaur warriors
  A catoblepas (Lair:6)
  5 death yaks
  2 two-headed ogres
  3 orc high priests
  2 unseen horrors
  Pikel (D:6)
  6 orc knights
  A wolf spider zombie (D:10)
  A cyclops (D:11)
  4 orc sorcerers
  2 ugly things (D:11)
  12 elephants
  An ice statue (IceCv)
  3 black mambas
  A gargoyle (D:11)
  10 spiny frogs
  5 rime drakes
  11 komodo dragons
  3 trolls
  A queen bee (Lair:1)
  A jumping spider (Spider:1)
  20 polar bears
  A hornet (D:10)
  5 blink frogs (Lair:6)
  10 hippogriffs
  3 redbacks (Spider:1)
  Sigmund (D:4)
  A shadow (D:11)
  A water elemental (D:12)
  A vampire (D:10)
  2 tarantellas (Spider:1)
  2 basilisks (Lair:1)
  50 yaks
  Grum (D:10)
  2 wyverns
  5 humans (D:10)
  2 hungry ghosts
  2 wargs (Orc:1)
  An acid dragon (D:11)
  12 porcupines
  12 water moccasins
  A hornet zombie (D:7)
  3 sky beasts
  7 ice beasts
  23 orc warriors
  A slave (D:6)
  3 phantoms
  2 black bears
  24 wolves
  A necrophage (D:11)
  9 ogres
  2 centaurs
  15 crocodiles
  2 big kobolds
  18 bullfrogs
  A wyvern skeleton (D:7)
  5 scorpions
  31 killer bees
  6 howler monkeys
  5 electric eels
  2 jellies (D:6)
  7 crimson imps
  17 orc wizards
  2 quasits
  2 bullfrog zombies
  5 hounds
  Crazy Yiuf (D:6)
  4 centaur skeletons
  20 orc priests
  A bullfrog skeleton (D:11)
  Ijyb (D:4)
  2 iguanas
  A worker ant (D:8)
  4 hound zombies
  A worker ant zombie (D:5)
  11 adders
  2 shadow imps
  A worker ant simulacrum (D:11)
  An adder zombie (D:9)
  4 worms
  4 dart slugs
  6 leopard geckos
  67 orcs
  5 bats (D:1)
  6 giant cockroaches
  4 goblins
  8 hobgoblins
  12 jackals
  6 quokkas
  2 ball pythons
  3 frilled lizards
  18 kobolds
  A quokka skeleton (D:6)
  8 rats
  7 fungi
  4 plants
636 creatures vanquished.

Vanquished Creatures (collateral kills)
  2 hydras
  Erolcha (D:11)
  A deep troll shaman (Lair:6)
  An elephant (Lair:5)
  A spiny frog (Lair:5)
  A yak (IceCv)
  A warg (Orc:1)
  A porcupine (Lair:3)
  A phantom (D:11)
  An orc warrior (D:11)
  A sky beast (D:11)
  A killer bee (Lair:1)
  3 orc wizards
  An orc priest (D:11)
  16 orcs
33 creatures vanquished.

Vanquished Creatures (others)
  A centaur (D:5)
  An orc priest (Orc:2)
  A leopard gecko (D:4)
  6 fungi
  13 plants
22 creatures vanquished.

Grand Total: 691 creatures vanquished

Notes
Turn   | Place    | Note
-------+----------+-------------------------------------------
     0 | D:1      | Moredread the Minotaur Berserker began the quest for the
                  | Orb.
     0 | D:1      | Reached XP level 1. HP: 19/19 MP: 0/0
   146 | D:1      | Reached XP level 2. HP: 27/27 MP: 1/1
   267 | D:1      | Reached skill level 4 in Fighting
   267 | D:1      | Reached skill level 4 in Axes
   496 | D:1      | Reached ** piety under Trog
   630 | D:1      | Reached XP level 3. HP: 29/33 MP: 2/2
   920 | D:2      | Reached skill level 3 in Dodging
  1370 | D:2      | Reached XP level 4. HP: 41/41 MP: 3/3
  1817 | D:3      | Reached XP level 5. HP: 40/47 MP: 4/4
  1874 | D:3      | Reached skill level 5 in Fighting
  1874 | D:3      | Reached skill level 5 in Axes
  2040 | D:3      | Reached skill level 4 in Dodging
  2612 | D:4      | Noticed Ijyb
  2764 | D:4      | Killed Ijyb
  3056 | D:4      | Noticed Eustachio
  3145 | D:4      | Noticed Sigmund
  3155 | D:4      | Killed Sigmund
  3155 | D:4      | Reached skill level 6 in Fighting
  3155 | D:4      | Reached XP level 6. HP: 57/57 MP: 5/5
  3291 | D:5      | Entered Level 5 of the Dungeon
  3291 | D:5      | Found Maoty's Assorted Antiques.
  3308 | D:5      | Reached *** piety under Trog
  3308 | D:5      | Reached skill level 6 in Axes
  3308 | D:5      | Reached skill level 5 in Dodging
  3315 | D:5      | Bought a scroll labeled FABIGONGURER for 21 gold pieces
  3315 | D:5      | Bought a puce potion for 18 gold pieces
  3315 | D:5      | Bought a silvery potion for 18 gold pieces
  3327 | D:5      | Reached XP level 7. HP: 46/64 MP: 6/6
  3458 | D:5      | Found an iron altar of Okawaru.
  3957 | D:5      | Reached skill level 7 in Fighting
  3957 | D:5      | Reached skill level 7 in Axes
  3957 | D:5      | Reached skill level 6 in Dodging
  4315 | D:6      | Reached XP level 8. HP: 49/73 MP: 7/7
  4838 | D:6      | Reached skill level 8 in Fighting
  4841 | D:6      | Reached **** piety under Trog
  4841 | D:6      | Reached skill level 8 in Axes
  5214 | D:6      | Found a runed translucent door.
  5215 | D:6      | Noticed Crazy Yiuf
  5240 | D:6      | Found a glowing golden altar of the Shining One.
  5343 | D:6      | Reached skill level 7 in Dodging
  5496 | D:6      | Noticed Pikel
  5502 | D:6      | Killed Pikel
  5502 | D:6      | Received a gift from Trog
  5502 | D:6      | Reached skill level 9 in Fighting
  5502 | D:6      | Reached XP level 9. HP: 83/83 MP: 8/8
  5604 | D:6      | Found a staircase to the Ecumenical Temple.
  5617 | D:6      | Reached skill level 9 in Axes
  5824 | D:6      | Killed Crazy Yiuf
  5926 | D:7      | Reached skill level 8 in Dodging
  6070 | D:7      | Got a faintly humming leather armour
  6081 | D:7      | Identified the +2 leather armour "Isajaum" {rElec rN+ MR+
                  | Int-3} (You found it on level 7 of the Dungeon)
  6338 | D:7      | Reached skill level 3 in Armour
  6788 | D:7      | Reached skill level 4 in Armour
  7308 | D:8      | Found an opulent altar of Gozag.
  7313 | D:8      | Reached skill level 5 in Armour
  7339 | D:8      | Noticed a two-headed ogre
  7500 | D:8      | Killed a two-headed ogre
  7500 | D:8      | Reached skill level 10 in Fighting
  7500 | D:8      | Reached skill level 10 in Axes
  7500 | D:8      | Reached skill level 6 in Armour
  7760 | D:8      | Found a sparkling altar of Nemelex Xobeh.
  7761 | D:8      | Found a hazy altar of Hepliaklqana.
  7903 | D:8      | Reached skill level 7 in Armour
  7903 | D:8      | Reached XP level 10. HP: 93/93 MP: 9/9
  8176 | D:8      | Found a snail-covered altar of Cheibriados.
  8178 | D:8      | Found an ornate altar of the Wu Jian Council.
  8179 | D:8      | Found a white marble altar of Elyvilon.
  8180 | D:8      | Found a sacrificial altar of Ru.
  8660 | D:9      | Got a smoking leather armour
  8661 | D:9      | Identified the cursed +0 leather armour of Chimes {SInv
                  | Stlth+} (You found it on level 9 of the Dungeon)
  8801 | D:9      | Reached skill level 8 in Armour
  9162 | D:9      | Found a burning altar of Makhleb.
  9306 | D:10     | Entered Level 10 of the Dungeon
  9601 | D:10     | Noticed Grum
  9627 | D:10     | Killed Grum
  9627 | D:10     | Reached skill level 9 in Armour
  9886 | D:10     | Reached skill level 11 in Fighting
 10066 | D:10     | Reached skill level 11 in Axes
 10100 | D:10     | Found Suvoebl Ogea's Book Boutique.
 10118 | D:10     | Reached ***** piety under Trog
 10246 | D:10     | Received a gift from Trog
 10246 | D:10     | Reached skill level 10 in Armour
 10628 | D:10     | Reached XP level 11. HP: 102/102 MP: 10/10
 11084 | D:11     | Noticed a two-headed ogre
 11105 | D:11     | Identified the ring "Xyangaw" {*Tele rF+ rC+ Str+3 Stlth-}
 11117 | D:11     | Killed a two-headed ogre
 11117 | D:11     | Reached skill level 11 in Armour
 11255 | D:11     | Noticed a brown ugly thing
 11257 | D:11     | Noticed a green ugly thing
 11475 | D:11     | Killed an unseen horror
 11475 | D:11     | Reached skill level 12 in Fighting
 11475 | D:11     | Reached skill level 12 in Axes
 11513 | D:11     | Noticed a seven-headed hydra
 11531 | D:11     | Noticed an eight-headed hydra
 11533 | D:11     | Found a staircase to the Lair.
 11537 | D:11     | Killed a four-headed hydra
 11537 | D:11     | Reached skill level 12 in Armour
 11545 | D:11     | Killed a five-headed hydra
 11622 | D:11     | Noticed a four-headed hydra
 11764 | D:11     | Killed a three-headed hydra
 11769 | D:11     | Noticed Erolcha
 11774 | D:11     | Killed Erolcha
 11780 | D:11     | Found a staircase to the Orcish Mines.
 11931 | D:11     | Noticed an eight-headed hydra
 11937 | D:11     | Killed a brown ugly thing
 12222 | Lair:1   | Entered Level 1 of the Lair of Beasts
 12305 | Lair:1   | Reached skill level 13 in Armour
 12305 | Lair:1   | Reached XP level 12. HP: 113/113 MP: 11/11
 12579 | Lair:1   | Received a gift from Trog
 12639 | Lair:1   | Noticed Harold
 12646 | Lair:1   | Killed Harold
 12963 | Lair:2   | Reached skill level 13 in Fighting
 13202 | Lair:2   | Found a staircase to the Swamp.
 13222 | Lair:2   | Reached skill level 13 in Axes
 13435 | Lair:2   | Upgraded the game from 0.24-a0-537-g2d01d4ab0a to
                  | 0.24-a0-539-g6aae15eeb0
 13464 | Lair:2   | Reached skill level 14 in Armour
 13732 | Lair:2   | Got a crude buckler
 14074 | Lair:1   | Received a gift from Trog
 14698 | Lair:3   | Noticed a five-headed hydra
 14707 | Lair:3   | Killed a three-headed hydra
 15204 | Lair:3   | Found a hole to the Spider Nest.
 15217 | Lair:3   | Identified the +0 buckler "Uthrairec" {+Inv rElec rC-
                  | Str+6} (You found it on level 2 of the Lair of Beasts)
 15362 | Lair:3   | Reached skill level 15 in Armour
 15642 | Lair:3   | Noticed a seven-headed hydra
 15649 | Lair:3   | Killed a three-headed hydra
 15649 | Lair:3   | Reached XP level 13. HP: 123/123 MP: 12/12
 16426 | Lair:4   | Reached skill level 14 in Fighting
 16729 | Lair:4   | Reached skill level 14 in Axes
 17657 | Lair:5   | Reached skill level 16 in Armour
 17903 | Lair:5   | Found a frozen archway.
 17951 | IceCv    | Entered an ice cave
 18308 | IceCv    | Received a gift from Trog
 18370 | IceCv    | Reached skill level 1 in Throwing
 18654 | IceCv    | Reached skill level 2 in Throwing
 18720 | IceCv    | Noticed a frost giant
 18731 | IceCv    | Killed a frost giant
 18731 | IceCv    | Reached skill level 15 in Fighting
 18733 | IceCv    | Reached skill level 3 in Throwing
 18733 | IceCv    | Reached XP level 14. HP: 135/135 MP: 13/13
 18740 | IceCv    | Reached skill level 15 in Axes
 19513 | Lair:6   | Entered Level 6 of the Lair of Beasts
 19523 | Lair:6   | Reached skill level 17 in Armour
 19607 | Lair:5   | Reached skill level 1 in Evocations
 19868 | Lair:6   | Reached skill level 2 in Evocations
 19955 | Lair:6   | Received a gift from Trog
 20581 | Lair:6   | Reached skill level 4 in Throwing
 20651 | Lair:6   | Reached skill level 3 in Evocations
 22095 | Spider:1 | Entered Level 1 of the Spider Nest
 22104 | Spider:1 | Reached skill level 4 in Evocations
 22209 | D:12     | Noticed Nessos
 22225 | D:12     | Killed Nessos
 22225 | D:12     | Reached skill level 5 in Throwing
 22883 | Orc:1    | Entered Level 1 of the Orcish Mines
 22885 | Orc:1    | Noticed an orc warlord
 22909 | Orc:1    | Killed an orc warlord
 22918 | Orc:1    | Noticed Snorg
 22925 | Orc:1    | Killed Snorg
 23082 | Orc:1    | Gained mutation: Your skin changes colour to match your
                  | surroundings (Stealth+). [a neqoxec]
 23512 | Orc:1    | Reached skill level 5 in Evocations
 23928 | Orc:2    | Entered Level 2 of the Orcish Mines
 23945 | Orc:1    | Upgraded the game from 0.24-a0-539-g6aae15eeb0 to
                  | 0.24-a0-545-gd1b266bae6
 23945 | Orc:1    | Moredread: ??bothelp
 23945 | Orc:1    | beem: I don't have a page labeled bothelp in my learndb.
 23945 | Orc:1    | Moredread: bothelp
 23945 | Orc:1    | Moredread: !won
 23945 | Orc:1    | beem: Moredread has not won in 45 games.
 23945 | Orc:1    | Moredread: !bothelp
 23945 | Orc:1    | beem: I'm a bot that sends commands to the DCSS IRC
                  | knowledge bots. For details, see
                  | https://github.com/gammafunk/beem/blob/master/docs/commands
                  | .md and to have me watch your games on this server, type:
                  | !subscribe
 24041 | Orc:2    | Received a gift from Trog
 24118 | Orc:2    | Reached XP level 15. HP: 120/143 MP: 17/17
 24354 | Orc:2    | Reached skill level 16 in Fighting
 24822 | Orc:2    | Found a staircase to the Elven Halls.
 24905 | Orc:2    | Reached skill level 16 in Axes
 24908 | Orc:2    | HP: 54/216 [smoke demon/ball of steam[an orc high priest]
                  | (16)]
 24916 | Orc:2    | HP: 21/144 [orc warrior/+0 glaive (4)]
 24918 | Orc:2    | HP: 9/144 [orc priest/divine providence (15)]
 24918 | Orc:2    | Mangled by an orc warrior

Levels and vault maps discovered:
D:1:      dpeg_arrival_long_road, layout_loops_ring, hex_tiny,
          minmay_pentomino_x4
D:2:      layout_loops_cross, first_ration
D:3:      layout_rooms
D:4:      layout_rooms, uniq_ijyb, uniq_sigmund, uniq_eustachio
D:5:      layout_loops_ring, serial_shops, nicolae_shop_overgrown_old_shop,
          okawaru_trees_2
D:6:      layout_basic, lemuel_round_altar, minmay_temple_entry_offerings,
          uniq_crazy_yiuf_cottage, uniq_pikel
D:7:      layout_basic, serial_glass, glass_columns_b, glass_columns_b,
          glass_columns_a, glass_columns_b
D:8:      layout_basic, nicolae_overflow_crystal_walls,
          grunt_temple_overflow_open, grunt_ogre_cave,
          kennysheep_opposing_triangles
D:9:      layout_loops_ring, lemuel_round_altar
D:10:     layout_gridville, serial_shops, nicolae_shop_statue_plus,
          minivault_11, minmay_ruffians, uniq_grum
D:11:     minmay_the_grid_3x2 [minmay_the_grid_outer_circle,
          minmay_the_grid_gridbox, minmay_the_grid_garden,
          minmay_the_grid_zigzags, minmay_the_grid_minigrid_small,
          minmay_the_grid_prize_shrinking_boxes], layout_loops_ring,
          lair_entry_dummy, hiddenorc2_lemuel, uniq_maurice, uniq_erolcha
D:12:     layout_basic, basic_altar, uniq_nessos, uniq_gastronok
D:13:     layout_basic, grunt_vaults_entry_tiered, gammafunk_ghost_cemetery,
          uniq_josephine
Lair:1:   layout_regular_city, uniq_harold
Lair:2:   layout_loops_ring, swamp_mist, special_room [special_room_bee],
          beast_lair_carwin_5
Lair:3:   layout_loops_ring, spider_nest_entry_web_field, serial_bayou_pond_b
Lair:4:   layout_layer_cave, serial_bayou, serial_bayou_lake_a,
          serial_bayou_pond_a, serial_bayou_pond_d, serial_bayou_pond_a,
          cheibrodos_lair_reptile_den
Lair:5:   layout_regular_city, portal_ice_cave_entry_animals_and_master
Lair:6:   grunt_lair_end_beastmaster, layout_regular_city,
          minmay_slime_entry_oklob_enclosed, st_stairs_10, grunt_megastairs_1
Spider:1: layout_spider_delve
Orc:1:    layout_diamond_mine, uniq_snorg
Orc:2:    grunt_orc_tribal_feast, layout_caves

Skill      XL: |  1  2  3  4  5  6  7  8  9 10 11 12 13 14 15 |
---------------+----------------------------------------------+-----
Fighting       | 4 6 7 9 10 11 12 13 15 16 | 16.1
Axes           | 4 5 6 7 8 10 11 12 13 14 15 16 | 16.0
Dodging        | 3 4 5 6 7 8 |  8.0
Armour         | 7 10 13 15 16 17 | 17.8
Throwing       | 3 5 |  5.0
Evocations     | 5 |  5.5

Action                   |  1- 3 |  4- 6 |  7- 9 | 10-12 | 13-15 || total
-------------------------+-------+-------+-------+-------+-------++-------
Melee: Hand axe          |    42 |     7 |       |       |       ||    49
       Headbutt          |    12 |    19 |    39 |   102 |   180 ||   352
       Dagger            |    35 |       |       |       |       ||    35
       War axe           |       |    77 |   226 |   161 |       ||   464
       Battleaxe         |       |       |       |   343 |   659 ||  1002
 Fire: Hunting sling     |     9 |     2 |       |       |       ||    11
Throw: Stone             |       |       |     5 |    10 |       ||    15
       Dart              |       |       |       |     8 |    17 ||    25
Invok: Berserk           |       |     2 |     5 |     9 |    12 ||    28
       Trog's Hand       |       |       |     1 |       |     9 ||    10
       Brothers in Arms  |       |       |       |     4 |     6 ||    10
Evoke: Fan of gales      |       |       |       |       |     1 ||     1
       Lamp of fire      |       |       |       |       |     1 ||     1
       Box of beasts     |       |       |       |       |     1 ||     1
       Lightning rod     |       |       |       |       |     1 ||     1
  Use: Scroll            |       |     7 |     1 |    14 |    21 ||    43
       Potion            |       |       |       |     1 |     2 ||     3
 Stab: Petrified         |       |       |       |       |     5 ||     5
       Petrifying        |       |       |       |       |     1 ||     1
  Eat: Chunk             |     1 |     8 |    15 |    24 |    38 ||    86
       Ration            |       |       |     1 |     4 |     2 ||     7
Armor: Animal skin       |    24 |    18 |    27 |       |       ||    69
       Leather armour    |       |       |    23 |    20 |       ||    43
       Plate armour      |       |       |       |   293 |   597 ||   890
Dodge: Dodged            |    48 |    51 |   130 |   313 |   488 ||  1030
Block: Other             |       |     8 |    25 |    41 |       ||    74
       Reflection        |       |     4 |     2 |       |       ||     6
       Shield            |       |       |       |    23 |       ||    23

Table legend:
 A = Non-vault XP
 B = Vault XP
 C = Vault XP percentage of total XP
 D = Non-vault monster count
 E = Vault monster count
 F = Vault count percentage of total count
                 A         B        C        D         E       F
            +---------+---------+-------+---------+---------+-------
      Total |   60787 |   47702 |  44.0 |     442 |     217 |  32.9
            +---------+---------+-------+---------+---------+-------
        D:1 |      49 |       2 |   3.9 |      29 |       2 |   6.5
        D:2 |      86 |       0 |   0.0 |      14 |       0 |   0.0
        D:3 |     190 |       0 |   0.0 |      25 |       0 |   0.0
        D:4 |       5 |     256 |  98.1 |       3 |       2 |  40.0
        D:5 |     721 |       0 |   0.0 |      24 |       0 |   0.0
        D:6 |    1084 |     692 |  39.0 |      30 |       2 |   6.2
        D:7 |     975 |       0 |   0.0 |      18 |       0 |   0.0
        D:8 |    1699 |     548 |  24.4 |      30 |       5 |  14.3
        D:9 |     735 |       0 |   0.0 |       8 |       0 |   0.0
       D:10 |    3015 |    1742 |  36.6 |      33 |      11 |  25.0
       D:11 |    5872 |    6732 |  53.4 |      23 |      55 |  70.5
       D:12 |    2066 |    1297 |  38.6 |       5 |       1 |  16.7
       D:13 |     996 |       0 |   0.0 |       2 |       0 |   0.0
     Lair:1 |    3109 |    1718 |  35.6 |      19 |      10 |  34.5
     Lair:2 |    3752 |    2470 |  39.7 |      20 |      21 |  51.2
     Lair:3 |    5534 |     597 |   9.7 |      15 |       3 |  16.7
     Lair:4 |    5637 |     806 |  12.5 |      20 |       2 |   9.1
     Lair:5 |    8107 |    2325 |  22.3 |      26 |       8 |  23.5
     Lair:6 |    7478 |    9667 |  56.4 |      30 |      21 |  41.2
   Spider:1 |    1364 |       0 |   0.0 |       6 |       0 |   0.0
      Orc:1 |    7206 |    1109 |  13.3 |      51 |       1 |   1.9
      Orc:2 |    1107 |    5323 |  82.8 |      11 |      22 |  66.7
      IceCv |       0 |   12418 | 100.0 |       0 |      51 | 100.0
            +---------+---------+-------+---------+---------+-------

Levels and vault maps discovered:
D:1:      dpeg_arrival_long_road, layout_loops_ring, hex_tiny,
          minmay_pentomino_x4
D:2:      layout_loops_cross, first_ration
D:3:      layout_rooms
D:4:      layout_rooms, uniq_ijyb, uniq_sigmund, uniq_eustachio
D:5:      layout_loops_ring, serial_shops, nicolae_shop_overgrown_old_shop,
          okawaru_trees_2
D:6:      layout_basic, lemuel_round_altar, minmay_temple_entry_offerings,
          uniq_crazy_yiuf_cottage, uniq_pikel
D:7:      layout_basic, serial_glass, glass_columns_b, glass_columns_b,
          glass_columns_a, glass_columns_b
D:8:      layout_basic, nicolae_overflow_crystal_walls,
          grunt_temple_overflow_open, grunt_ogre_cave,
          kennysheep_opposing_triangles
D:9:      layout_loops_ring, lemuel_round_altar
D:10:     layout_gridville, serial_shops, nicolae_shop_statue_plus,
          minivault_11, minmay_ruffians, uniq_grum
D:11:     minmay_the_grid_3x2 [minmay_the_grid_outer_circle,
          minmay_the_grid_gridbox, minmay_the_grid_garden,
          minmay_the_grid_zigzags, minmay_the_grid_minigrid_small,
          minmay_the_grid_prize_shrinking_boxes], layout_loops_ring,
          lair_entry_dummy, hiddenorc2_lemuel, uniq_maurice, uniq_erolcha
D:12:     layout_basic, basic_altar, uniq_nessos, uniq_gastronok
D:13:     layout_basic, grunt_vaults_entry_tiered, gammafunk_ghost_cemetery,
          uniq_josephine
Lair:1:   layout_regular_city, uniq_harold
Lair:2:   layout_loops_ring, swamp_mist, special_room [special_room_bee],
          beast_lair_carwin_5
Lair:3:   layout_loops_ring, spider_nest_entry_web_field, serial_bayou_pond_b
Lair:4:   layout_layer_cave, serial_bayou, serial_bayou_lake_a,
          serial_bayou_pond_a, serial_bayou_pond_d, serial_bayou_pond_a,
          cheibrodos_lair_reptile_den
Lair:5:   layout_regular_city, portal_ice_cave_entry_animals_and_master
Lair:6:   grunt_lair_end_beastmaster, layout_regular_city,
          minmay_slime_entry_oklob_enclosed, st_stairs_10, grunt_megastairs_1
Spider:1: layout_spider_delve
Orc:1:    layout_diamond_mine, uniq_snorg
Orc:2:    grunt_orc_tribal_feast, layout_caves

Table legend:
 A = Turns spent in this place as a percentage of turns spent in the entire game.
 B = Non-inter-level travel turns spent in this place as a percentage of non-inter-level travel turns spent in the entire game.
 C = Inter-level travel turns spent in this place as a percentage of turns spent in this place.
 D = Turns resting spent in this place as a percentage of non-inter-level travel turns spent in this place.
 E = Turns spent auto-exploring this place as a percentage of non-inter-level travel turns spent in this place.
 F = Non-inter-level travel turns spent in this place divided by the number of levels of this place that you've seen.
                   A       B       C       D       E      F
               +-------+-------+-------+-------+-------+----------------------
         Total | 100.0 | 100.0 |   5.3 |  38.7 |  41.7 | 1025.7
       Dungeon |  53.3 |  53.5 |   5.0 |  39.6 |  42.6 | 971.1
          Lair |  35.5 |  35.0 |   6.6 |  40.4 |  41.4 | 1375.2
   Spider Nest |   0.1 |   0.1 |   0.0 |   0.0 |   0.0 |  19.0
  Orcish Mines |   6.8 |   6.9 |   4.9 |  28.4 |  43.1 | 811.0
      Ice Cave |   4.3 |   4.6 |   0.0 |  29.8 |  32.2 | 1076.0
               +-------+-------+-------+-------+-------+----------------------

Table legend:
 A = Kills in this place as a percentage of kills in entire the game.
 B = Kills by you in this place as a percentage of kills by you in the entire game.
 C = Kills by friends in this place as a percentage of kills by friends in the entire game.
 D = Other kills in this place as a percentage of other kills in the entire game.
 E = Experience gained in this place as a percentage of experience gained in the entire game.
 F = Experience gained in this place divided by the number of levels of this place that you have seen.
                   A       B       C       D       E      F
               +-------+-------+-------+-------+-------+----------------------
         Total | 100.0 | 100.0 | 100.0 | 100.0 | 100.0 | 4716.9
       Dungeon |  48.9 |  47.6 |  69.7 | 100.0 |  26.5 | 2212.5
          Lair |  29.6 |  30.3 |  18.2 |   0.0 |  47.2 | 8533.3
   Spider Nest |   0.9 |   1.0 |   0.0 |   0.0 |   1.3 | 1364.0
  Orcish Mines |  12.9 |  13.1 |   9.1 |   0.0 |  13.6 | 7372.5
      Ice Cave |   7.7 |   8.0 |   3.0 |   0.0 |  11.4 | 12418.0
               +-------+-------+-------+-------+-------+----------------------
